 Dungeon Crawl Stone Soup version 0.31-a0-835-g2a3a5bc3be (webtiles) character file.

Game seed: 6466717526328392599

2657 Ijustatesigmund the Thaumaturge (level 9, -2/51 HPs)
             Began as a Deep Elf Fire Elementalist on Sept 26, 2023.
             Was an Initiate of Vehumet.
             Slain by a gnoll sergeant
             ... wielding a +2 spear of venom
              (7 damage)
             ... on level 8 of the Dungeon.
             The game lasted 00:19:40 (9660 turns).

Ijustatesigmund the Thaumaturge (DEFE)              Turns: 9660, Time: 00:19:41

Health: -2/51      AC:  4    Str: 11    XL:     9   Next: 36%
Magic:  8/24       EV: 12    Int: 29    God:    Vehumet [......]
Gold:   291        SH:  0    Dex: 15    Spells: 15/26 levels left

rFire   + . .        f - +1 shortbow
rCold   . . .        (shield currently unavailable)
rNeg    . . .        a - +2 robe {rF+}
rPois   .            (no helmet)
rElec   .            (no cloak)
rCorr   .            (no gloves)
SInv    +            (no boots)
Will    .....        o - amulet of Tir Gaupo {Regen+ Int+4}
Stlth   ++           k - +6 ring of strength
HPRegen 1.08/turn    g - ring of see invisible
MPRegen 0.19/turn

%: no passive effects
@: lethally poisoned (-2 -> -13)
A: no striking features
a: Renounce Religion


You were on level 8 of the Dungeon.
You worshipped Vehumet.
Vehumet was noncommittal.
You visited 2 branches of the dungeon, and saw 9 of its levels.

You collected 291 gold pieces.

Inventory:

Hand Weapons
 c - a +1 spear of freezing
 f - a +1 shortbow (weapon)
Armour
 a - a +2 robe of fire resistance (worn)
Jewellery
 g - a ring of see invisible (right hand)
 k - a +6 ring of strength (left hand)
 o - the amulet of Tir Gaupo (around neck) {Regen+ Int+4}
   (You acquired it on level 5 of the Dungeon)

   [amulet of regeneration]

   Int+4:     It affects your intelligence (+4).
   Regen+:    It increases your rate of health regeneration.
Wands
 l - a wand of polymorph (8)
 q - a wand of flame (19)
Scrolls
 d - 2 scrolls of butterflies
 p - a scroll of poison
Potions
 b - a potion of magic
 e - 2 potions of curing
 h - a potion of cancellation
 i - a potion of invisibility
 j - 3 potions of mutation
 m - 3 potions of haste
 n - a potion of heal wounds
 r - a potion of enlightenment {unknown}


   Skills:
 - Level 3.2 Fighting
 - Level 5.2 Ranged Weapons
 - Level 2.4 Dodging
 - Level 2.4 Stealth
 + Level 9.3 Spellcasting
 - Level 6.9 Conjurations
 - Level 7.6 Fire Magic
 + Level 2.1 Poison Magic


You had 15 spell levels left.
You knew the following spells:

 Your Spells              Type           Power      Damage    Failure   Level
a - Foxfire               Conj/Fire      100%       2x1d9     1%          1
b - Scorch                Fire           100%       2d9       1%          2
c - Flame Wave            Conj/Fire      54%        2d13      1%          4
d - Olgreb's Toxic Radia  Pois           26%        N/A       17%         4

Your spell library contained the following spells:

 Spells                   Type           Power      Damage    Failure   Level
 Inner Flame              Hex/Fire       35%        N/A       2%          3
 Volatile Blastmotes      Fire/Tloc      70%        2d15      2%          3
 Apportation              Tloc           26%        N/A       4%          1
 Necrotise                Necr           52%        1d6       4%          1
 Summon Small Mammal      Summ           52%        N/A       4%          1
 Ensorcelled Hibernation  Hex/Ice        26%        N/A       6%          2
 Passwall                 Tmut/Erth      10%        N/A       6%          2
 Call Canine Familiar     Summ           13%        N/A       12%         3
 Summon Guardian Golem    Hex/Summ       13%        N/A       12%         3
 Swiftness                Air            13%        N/A       12%         3
 Discord                  Hex            6%         N/A       100%        8
 Ignition                 Fire           27%        3d9       100%        8


Dungeon Overview and Level Annotations

Branches:
Dungeon (8/15)             Temple (1/1) D:7
   Lair: D:8-11

Altars:
Ashenzari
Cheibriados
Elyvilon
Fedhas
Gozag
Hepliaklqana
Kikubaaqudgha
Makhleb
Nemelex Xobeh
Qazlal
Ru
Sif Muna
Trog
Uskayaw
Vehumet
Wu Jian
Xom
Yredelemnul
Zin
The Shining One

Shops:
D:7 =


Message History

Casting: Flame Wave (dangerous; 1% risk of failure)
Press: ? - help, Dir - look around, f - activate A wave of flame ripples out! (Press . to intensify the flame waves.)
The gnoll closely misses you.
The gnoll sergeant hits you from afar with a +2 spear of venom!
You are poisoned.
A wave of flame ripples out!
The flame wave engulfs the gnoll sergeant!
The gnoll sergeant is heavily wounded.
The flame wave engulfs the gnoll.
The gnoll is almost dead.
You feel very sick.
The gnoll sergeant hits you from afar with a +2 spear of venom.
The gnoll hits you from afar with a +0 spear.
A wave of flame ripples out!
The flame wave engulfs the gnoll sergeant!
The gnoll sergeant is severely wounded.
The flame wave engulfs the gnoll!
You kill the gnoll!
Vehumet accepts your kill.
You finish channelling waves of flame.
You feel sick.
The gnoll sergeant hits you from afar with a +2 spear of venom!
You are more poisoned.
You feel better.
The gnoll sergeant hits you from afar with a +2 spear of venom.
You are poisoned.
Casting: Flame Wave (dangerous; 1% risk of failure)
Confirm with . or Enter, or press ? or * to list all spells.
Flames lash the gnoll sergeant.
The gnoll sergeant is almost dead.
The gnoll sergeant's fire resistance burns away.
You feel very sick.
The gnoll sergeant hits you from afar with a +2 spear of venom!
* * * LOW HITPOINT WARNING * * *
You are lethally poisoned!
* * * LOW HITPOINT WARNING * * *
You feel very sick.
The gnoll sergeant hits you from afar with a +2 spear of venom!
You die...

#...........#
#...........#
#...........#
#...........#
#...........#
#..........##
##....######
#...## #@..#
#.).## #.g)#
#...# ....#
....!# .....#
.......


You could see a gnoll sergeant (combustible).

Vanquished Creatures
  Grinder (D:5)
  Sigmund (D:5)
  A steam dragon (D:7)
  A sky beast (D:6)
  An orc warrior (D:7)
  2 ice beasts
  3 ogres
  2 centaurs
  2 phantoms
  Blork the orc (D:4)
  A bullfrog (D:7)
  2 scorpions
  A killer bee (D:3)
  6 hounds
  4 jellies
  5 orc priests
  2 iguanas
  Jessica (D:3)
  2 sleepcaps (D:6)
  5 orc wizards
  5 adders
  7 gnolls
  2 shadow imps
  A white imp (D:6)
  3 worms
  33 orcs
  7 ball pythons
  7 endoplasms
  4 giant cockroaches
  5 goblins
  3 hobgoblins
  4 jackals (D:1)
  9 kobolds
  2 quokkas
  7 bats
  10 frilled lizards
  5 rats
158 creatures vanquished.

Vanquished Creatures (others)
  216 foxfires
216 creatures vanquished.

Grand Total: 374 creatures vanquished

Notes
Turn   | Place    | Note
-------+----------+-------------------------------------------
     0 | D:1      | Ijustatesigmund the Deep Elf Fire Elementalist began the
                  | quest for the Orb.
     0 | D:1      | Reached XP level 1. HP: 10/10 MP: 6/6
    48 | D:1      | Reached XP level 2. HP: 16/16 MP: 2/8
   291 | D:1      | Learned a level 2 spell: Scorch
  1257 | D:1      | Reached XP level 3. HP: 20/20 MP: 6/10
  1259 | D:1      | Reached skill level 1 in Fighting
  2643 | D:3      | Noticed Jessica
  2647 | D:3      | Killed Jessica
  2648 | D:3      | Reached skill level 4 in Spellcasting
  2648 | D:3      | Reached XP level 4. HP: 25/25 MP: 9/12
  2653 | D:3      | Learned a level 4 spell: Flame Wave
  2679 | D:3      | Noticed a centaur
  2680 | D:3      | a centaur changed into a killer bee
  2695 | D:3      | Reached XP level 5. HP: 28/29 MP: 2/13
  2908 | D:3      | Reached skill level 5 in Spellcasting
  4009 | D:4      | Reached skill level 1 in Ranged Weapons
  4009 | D:4      | Reached XP level 6. HP: 25/34 MP: 5/15
  4170 | D:4      | Reached skill level 5 in Fire Magic
  4594 | D:4      | Reached XP level 7. HP: 38/38 MP: 14/17
  4845 | D:4      | Noticed Blork the orc
  4853 | D:4      | Killed Blork the orc
  4854 | D:4      | Reached skill level 6 in Spellcasting
  5208 | D:5      | Entered Level 5 of the Dungeon
  5223 | D:5      | Noticed Grinder
  5582 | D:5      | Noticed Sigmund
  5637 | D:5      | Killed Sigmund
  5638 | D:5      | Reached skill level 5 in Conjurations
  5638 | D:5      | Reached XP level 8. HP: 29/43 MP: 11/20
  5814 | D:5      | Paralysed by Grinder for 3 turns
  5827 | D:5      | Killed Grinder
  5828 | D:5      | Reached skill level 7 in Spellcasting
  5848 | D:5      | Reached skill level 5 in Ranged Weapons
  6233 | D:5      | Identified a scroll of acquirement
  6233 | D:5      | Acquired the amulet of Tir Gaupo {Regen+ Int+4}
  6910 | D:6      | Reached skill level 8 in Spellcasting
  7784 | D:6      | Reached XP level 9. HP: 49/49 MP: 16/23
  8563 | D:7      | Found a staircase to the Ecumenical Temple.
  8572 | Temple   | Entered the Ecumenical Temple
  8644 | Temple   | Became a worshipper of Vehumet
  8840 | D:7      | Learned a level 4 spell: Olgreb's Toxic Radiance
  8988 | D:7      | Reached skill level 9 in Spellcasting
  8988 | D:7      | Reached skill level 1 in Poison Magic
  9380 | D:7      | Found Uraecura's Jewellery Emporium.
  9660 | D:8      | Slain by a gnoll sergeant

Illustrated notes

Levels and vault maps discovered:
D:1:      denvon_arrival_waterhouse, layout_basic, serial_rivers,
          chequers_serial_rivers_micro_a, chequers_serial_rivers_large_b,
          chequers_serial_rivers_room_a, chequers_serial_rivers_micro_e,
          minmay_misc_feat_roman
D:2:      layout_basic, nicolae_kite_square_tiling_tiny
D:3:      minmay_angry_zag, layout_basic, minmay_misc_feat_encased,
          kennysheep_generic_room_13, uniq_jessica
D:4:      layout_rooms, uniq_blork_the_orc
D:5:      layout_cave_pools, uniq_grinder, uniq_sigmund
D:6:      layout_loops_corners, nrook_uturn, minmay_lizard_king
D:7:      layout_gridville, minmay_temple_entry_large_hall, serial_shops, shop
D:8:      layout_layer_cave, amcnicky_altar_gilded, enter_ossuary_2, uniq_joseph
Temple:   mainiacjoe_temple_cubbyholes

Skill      XL: |  1  2  3  4  5  6  7  8  9 |
---------------+----------------------------+-----
Fighting       | 1 2 3 |  3.2
Conjurations   | 2 3 4 5 6 |  6.9
Spellcasting   | 4 5 6 8 9 |  9.3
Fire Magic     | 4 5 6 7 |  7.6
Ranged Weapons | 1 2 4 5 |  5.2
Poison Magic   | 2 |  2.1
Dodging        | |  2.4
Stealth        | |  2.4

Action                     |  1- 3 |  4- 6 |  7- 9 || total
---------------------------+-------+-------+-------++-------
  Melee: Spear             |     4 |     7 |       ||    11
   Fire: Shortbow          |       |       |   126 ||   126
   Cast: Foxfire           |    61 |    55 |     6 ||   122
         Scorch            |     8 |    21 |    52 ||    81
         Flame Wave        |       |     3 |    18 ||    21
  Evoke: Wand              |       |     1 |       ||     1
    Use: Scroll            |     2 |     5 |    12 ||    19
         Potion            |       |       |     2 ||     2
   Stab: Sleeping          |     3 |       |       ||     3
         Distracted        |       |     1 |       ||     1
 Armour: Robe              |     9 |    13 |    50 ||    72
  Dodge: Dodged            |    13 |     9 |    35 ||    57

Table legend: (Time is in decaauts)
 A = Elapsed time spent in this place.
 B = Non-inter-level travel time spent in this place.
 C = Inter-level travel time spent in this place.
 D = Time resting spent in this place.
 E = Time spent auto-exploring this place.
 F = Levels seen in this place.
 G = Mean time per level.
                   A        B        C        D        E       F      G
               +--------+--------+--------+--------+--------+-----+--------+
         Total |   9737 |   9396 |    341 |   3078 |   5235 |   9 | 1081.9 |
       Dungeon |   9615 |   9372 |    243 |   3078 |   5235 |   8 | 1201.9 |
        Temple |    121 |     24 |     97 |      0 |      0 |   1 |  121.0 |
               +--------+--------+--------+--------+--------+-----+--------+

Top non-repeatable levels by time:
     D:6: 1904 daAuts
     D:4: 1720 daAuts
     D:1: 1669 daAuts
     D:3: 1407 daAuts
     D:7: 1138 daAuts
     D:2: 1026 daAuts
     D:5: 706 daAuts
  Temple: 121 daAuts
     D:8: 42 daAuts
